 Dungeon Crawl Stone Soup version 0.28-a0-664-gc179e30c89 (webtiles) character file.

Game seed: 2178808835592362949

4 IndexError the Skirmisher (level 1, -1/20 HPs)
             Began as a Djinni Cinder Acolyte on Oct 15, 2021.
             Was a High Priest of Ignis.
             Slain by an endoplasm (2 damage)
             ... on level 1 of the Dungeon.
             The game lasted 00:01:36 (231 turns).

IndexError the Skirmisher (Djinni Cinder Acolyte)    Turns: 231, Time: 00:01:37

Health: -1/20      AC:  2    Str: 13    XL:     1   Next: 77%
Gold:   8          EV: 11    Int: 21    God:    Ignis [*****.] SH:  0 Dex:  8

rFire   + + +      SeeInvis .   c - +1 dagger (venom)
rCold   x . .      Faith    .   (no shield)
rNeg    . . .      Spirit   .   b - +0 robe
rPois   ∞          Reflect  .   (no helmet)
rElec   .          Harm     .   (no cloak)
rCorr   .          Rampage  .   (no gloves)
Will    .....                   (boots unavailable)
Stlth   +.........              (no amulet)
HPRegen 0.06/turn               d - +6 ring of intelligence
MPRegen 0.00/turn               (no ring)

@: flying
A: sickness immunity, fire resistance 2, cold vulnerability 1, float, innate
caster, hp casting, extra vitality 1
a: Renounce Religion, Sea of Fire, Foxfire Swarm, Rising Flame


You were on level 1 of the Dungeon.
You worshipped Ignis.
Ignis was extremely pleased with you.
You visited 1 branch of the dungeon, and saw 1 of its levels.

You collected 8 gold pieces.

Inventory:

Hand Weapons
 a - a -1 falchion of flaming
 c - a +1 dagger of venom (weapon)
   (You took it off a goblin on level 1 of the Dungeon)
Armour
 b - a +0 robe (worn)
Jewellery
 d - a +6 ring of intelligence (left hand)
   (You found it on level 1 of the Dungeon)
Scrolls
 f - a scroll of silence {unknown}
 g - a scroll of fog {unknown}
 h - a scroll of magic mapping {unknown}
Potions
 e - 2 potions of curing {unknown}


   Skills:
 + Level 3.1 Fighting
 + Level 2.8 Long Blades
 + Level 2.5 Spellcasting


You had 3 spell levels left.
You knew the following spells:

 Your Spells              Type           Power      Damage    Failure   Level
a - Scorch                Fire           26%        2d6       8%          2
Your spell library was empty.

Dungeon Overview and Level Annotations

Branches:
Dungeon (1/15)

Altars:

Shops:
D:1 !=*


Innate Abilities, Weirdness & Mutations

You are immune to sickness and miasma.
You are immune to poison.
Your flesh is very heat resistant. (rF++)
You are vulnerable to cold. (rC-)
You float through the air rather than walking.
You learn spells naturally, not from books.
Your magical power is your life essence.
You have superior vitality. (+4 HP)


Message History

The ball python constricts you.
You slash the ball python! You burn the ball python.
No target in view!
You see here a ball python corpse.
A goblin comes into view. It is wielding a +1 dagger of venom.
The goblin shouts!
A frilled lizard comes into view.
Found a moonstone ring and 2 green potions.
Found Ymuhiq's Jewellery Boutique.
The frilled lizard hisses angrily.
The goblin hits you with a +1 dagger of venom.
You take 1 damage, and have 19/20 hp.
You hit the goblin. You burn the goblin. You closely miss the frilled lizard.
The frilled lizard bites you. The frilled lizard barely misses you.
You take 1 damage, and have 18/20 hp.
You closely miss the frilled lizard. The frilled lizard closely misses you.
You closely miss the frilled lizard. The frilled lizard bites you.
You take 3 damage, and have 16/20 hp.
You closely miss the frilled lizard. The frilled lizard closely misses you.
You barely miss the frilled lizard.
The frilled lizard completely misses you.
You barely miss the frilled lizard. The frilled lizard barely misses you.
You closely miss the frilled lizard. The frilled lizard barely misses you.
You hit the frilled lizard. You burn the frilled lizard.
No target in view!
You see here a frilled lizard corpse.
You see here a +1 dagger of venom.
c - a +1 dagger of venom Your -1 falchion of flaming stops flaming.
Your +1 dagger of venom begins to drip with poison!
c - a +1 dagger of venom (weapon)
d - a +6 ring of intelligence Health restored: 20 You feel clever.
d - a +6 ring of intelligence (left hand)
e - 2 green potions
There is an entrance to Ymuhiq's Jewellery Boutique here.
Options error: Bad channel -- pray (HDAMessageColors.rc:28) Options error: Bad channel -- food (HDAMessageColors.rc:31) Options error: Bad channel -- rotten_meat (HDAMessageColors.rc:48) Options error: Bad object type '%}\|' for autopickup. (HilariousDeathArtist.rc:711) Welcome back, IndexError the Djinni Cinder Acolyte.
The flames of Ignis gently warm you.
Press ? for a list of commands and other information.
Options error: Bad channel -- pray (HDAMessageColors.rc:28) Options error: Bad channel -- food (HDAMessageColors.rc:31) Options error: Bad channel -- rotten_meat (HDAMessageColors.rc:48) Options error: Bad object type '%}\|' for autopickup. (HilariousDeathArtist.rc:711) Welcome back, IndexError the Djinni Cinder Acolyte.
The flames of Ignis gently warm you.
Press ? for a list of commands and other information.
f - a scroll labelled ZEMIASMEGO
There is an entrance to Caloxysa's General Store here.
There is a dry fountain here.
g - a scroll labelled OHODEICLOQE
Found a stone staircase leading down.
Found Veisos's Distillery.
Found an escape hatch in the floor.
No target in view!
There is an escape hatch in the floor here.
There is an entrance to Veisos's Distillery here.
You now have 8 gold pieces.
h - a scroll labelled METUPROAJO A giant cockroach comes into view.
A giant cockroach is nearby!
You hit the giant cockroach.
The giant cockroach is poisoned.
The giant cockroach barely misses you.
You hit the giant cockroach but do no damage.
The giant cockroach looks as sick as possible!
No target in view!
No target in view!
Found a stone staircase leading down.
You see here a giant cockroach corpse.
An endoplasm comes into view.
An endoplasm is nearby!
An endoplasm is nearby!
The endoplasm quivers.
You hit the endoplasm. The endoplasm freezes you.
You are frozen.
You feel a terrible chill!
You take 6 damage, and have 14/20 hp.
MASSIVE DAMAGE!!
You hit the endoplasm but do no damage. The endoplasm freezes you.
You are frozen!
You feel a terrible chill!
You take 7 damage, and have 7/20 hp.
MASSIVE DAMAGE!!
You are too injured to fight recklessly!
You are too injured to fight recklessly!
You are too injured to fight recklessly!
You hit the endoplasm but do no damage. The endoplasm hits you.
* * * LOW HITPOINT WARNING * * *
You take 3 damage, and have 4/20 hp.
You barely miss the endoplasm. The endoplasm misses you.
You hit the endoplasm. The endoplasm freezes you.
You are frozen.
You feel a terrible chill!
* * * LOW HITPOINT WARNING * * *
You take 3 damage, and have 1/20 hp.
You hit the endoplasm but do no damage. The endoplasm hits you.
You die...

#.# #∩## #... ... #.>#
##.. #>###.# ##.#.
#..##.#####...∩
#...........#.
#############....##.....
.......>...#...#..#.....
...........†.#.##.....8.
#.....J@...###.####†...⌠
#.........## #.#[...[.8.
#########...##.†.##....⌠
........###...8.
######...###.....
##..†##..... #..........
##.##...### #.####....


You could see an endoplasm.

Vanquished Creatures
  A giant cockroach (D:1)
  A goblin (D:1)
  A ball python (D:1)
  2 frilled lizards (D:1)
5 creatures vanquished.

Notes
Turn   | Place    | Note
-------+----------+-------------------------------------------
     0 | D:1      | IndexError the Djinni Cinder Acolyte began the quest for
                  | the Orb.
     0 | D:1      | Reached XP level 1. HP: 20/20 MP: 0/0
    30 | D:1      | Found Caloxysa's General Store.
    60 | D:1      | Found Ymuhiq's Jewellery Boutique.
   167 | D:1      | Found Veisos's Distillery.
   228 | D:1      | HP: 4/20 [endoplasm (3)]
   230 | D:1      | HP: 1/20 [frozen (3)]
   231 | D:1      | Slain by an endoplasm

Illustrated notes

Levels and vault maps discovered:
D:1:      lightli_arrival_statue_moat, layout_rooms, serial_shops,
          nicolae_shop_temple_entry_statues_fountains, shop,
          nicolae_shop_crystal, shop, shop

Action                   || total
-------------------------++-------
Melee: Falchion          ||    16
       Dagger            ||     8
Armor: Robe              ||     3
Dodge: Dodged            ||    10

Table legend: (Time is in decaauts)
 A = Elapsed time spent in this place.
 B = Non-inter-level travel time spent in this place.
 C = Inter-level travel time spent in this place.
 D = Time resting spent in this place.
 E = Time spent auto-exploring this place.
 F = Levels seen in this place.
 G = Mean time per level.
                   A        B        C        D        E       F      G
               +--------+--------+--------+--------+--------+-----+--------+
         Total |    231 |    231 |      0 |      0 |    175 |   1 |  231.0 |
       Dungeon |    231 |    231 |      0 |      0 |    175 |   1 |  231.0 |
               +--------+--------+--------+--------+--------+-----+--------+

Top non-repeatable levels by time:
     D:1: 231 daAuts

Table legend:
 A = Kills in this place as a percentage of kills in entire the game.
 B = Kills by you in this place as a percentage of kills by you in the entire game.
 C = Kills by friends in this place as a percentage of kills by friends in the entire game.
 D = Other kills in this place as a percentage of other kills in the entire game.
 E = Experience gained in this place as a percentage of experience gained in the entire game.
 F = Experience gained in this place divided by the number of levels of this place that you have seen.
                   A       B       C       D       E      F
               +-------+-------+-------+-------+-------+----------------------
         Total | 100.0 | 100.0 |   N/A |   N/A | 100.0 |   7.0
       Dungeon | 100.0 | 100.0 |   N/A |   N/A | 100.0 |   7.0
               +-------+-------+-------+-------+-------+----------------------
